Map: Ulrena

Players

ILLBdA

  • Race: Protoss Protoss
  • League: Diamond

lIIIlIIlIllI - Winner!

  • Race: Terran Terran
  • League: Master

VOD

Have the link to the VOD?

Description

Time

  • Played on: Dec. 13, 2015, 5:44 a.m.
  • Length: 6:46
Show
View Real Time Build Order
Export as new Build Order

ILLBdA Protoss 

Build Orders: 1 Gate Expand 

Get SALT Encoding   

  12  0:01  Probe (Chrono Boost)  
  13  0:11  Probe (Chrono Boost)  
  14  0:19  Pylon  
  14  0:22  Probe (Chrono Boost)  
  15  0:37  Probe (Chrono Boost)  
  15  0:39  Gateway  
  16  0:44  Assimilator  
  16  0:48  Probe (Chrono Boost)  
  17  0:58  Probe (Chrono Boost)  
  18  1:09  Probe (Chrono Boost)  
  19  1:21  Nexus  
  19  1:23  Probe (Chrono Boost)  
  20  1:33  Cybernetics Core  
  20  1:36  Probe (Chrono Boost)  
  21  1:44  Pylon  
  21  1:50  Assimilator  
  21  1:51  Probe (Chrono Boost)  
  22  2:02  Probe (Chrono Boost)  
  22  2:06  Pylon  
  23  2:09  Warp Gate  
  23  2:12  Adept (Chrono Boost)  
  25  2:21  Probe  
  26  2:35  Adept (Chrono Boost), Robotics Facility  
  28  2:52  Mothership Core (Chrono Boost)  
  28  2:56  Gateway x2  
  30  3:07  Gateway x2  
  30  3:11  Probe (Chrono Boost)  
  31  3:24  Observer (Chrono Boost)  
  32  3:33  Pylon  
  32  3:43  Immortal (Chrono Boost)  
  36  3:56  Forge  
  38  4:17  Warp Prism (Chrono Boost)  
  38  4:18  Adept x2  
  38  4:20  Adept  
  43  4:42  Adept x3  
  44  4:48  Observer (Chrono Boost)  
  43  4:56  Stalker  
  43  4:57  Stalker  
  37  5:12  Immortal (Chrono Boost)  
  37  5:25  Stalker x2  
  34  5:42  Photon Cannon  
  31  6:00  Probe (Chrono Boost)  
  26  6:11  Probe (Chrono Boost)  
  27  6:43  Zealot  
Show
View Real Time Build Order
Export as new Build Order

lIIIlIIlIllI Terran - Winner!

Build Orders:  

Get SALT Encoding   

  12  0:02  SCV  
  14  0:14  SCV  
  14  0:18  Supply Depot  
  14  0:26  SCV  
  15  0:40  SCV  
  15  0:42  Barracks  
  16  0:47  Refinery  
  16  0:52  SCV  
  17  0:58  Refinery  
  17  1:04  SCV  
  18  1:16  SCV  
  19  1:28  SCV  
  19  1:30  Marine  
  19  1:32  Bunker  
  21  1:35  Supply Depot  
  21  1:45  Orbital Command  
  21  1:49  Marine  
  22  2:01  Factory  
  22  2:08  Marine  
  23  2:10  SCV  
  24  2:23  SCV  
  24  2:25  Marine  
  26  2:30  Supply Depot  
  26  2:35  SCV  
  27  2:43  Marine  
  27  2:46  Starport, Widow Mine  
  27  2:47  SCV  
  30  2:55  Supply Depot  
  30  2:59  SCV  
  30  3:03  Marine  
  32  3:11  SCV  
  33  3:15  Widow Mine  
  33  3:16  Supply Depot  
  35  3:21  Marine  
  35  3:24  Medivac  
  38  3:28  SCV  
  39  3:41  Marine  
  39  3:45  SCV  
  41  3:54  Widow Mine  
  43  3:59  Command Center  
  43  4:04  SCV  
  43  4:06  Viking, Marine  
  43  4:07  Engineering Bay  
  47  4:16  SCV, Supply Depot  
  47  4:32  SCV  
  47  4:33  Marine  
  47  4:36  Widow Mine  
  47  4:37  Medivac  
  53  4:40  Bunker  
  53  4:45  SCV  
  54  4:51  Marine  
  53  4:57  SCV  
  47  5:09  Marine  
  46  5:16  Medivac  
  46  5:18  Widow Mine  
  46  5:19  Orbital Command  
  50  5:23  SCV  
  50  5:27  Marine  
  52  5:36  SCV  
  53  5:45  Marine  
  53  5:49  SCV  
  53  6:01  SCV  
  53  6:03  Marine  
  55  6:07  Viking  
  55  6:08  Factory Tech Lab  
  55  6:09  Barracks  
  57  6:13  SCV x2  
  55  6:20  Barracks  
Tags
 
Matchup
PvT
Replay Pack
me
Add a new tag
Caveats
  • Supply blocks, unpowered buildings, or Contaminate may cause inaccurate times.
  • Supply counts are checked every 10 seconds.